 Dungeon Crawl Stone Soup version 0.15-a0-1646-g393eda0 (webtiles) character file.

984 Amnesiac the Basher (level 8, -3/78 HPs)
             Began as an Ogre Fighter on June 22, 2014.
             Slain by Prince Ribbit (9 damage)
             ... on Level 5 of the Dungeon.
             The game lasted 00:09:06 (3459 turns).

Amnesiac the Basher (Ogre Fighter)                  Turns: 3459, Time: 00:09:06

HP  -3/78        AC  3     Str 22      XL: 8   Next: 17%
MP   8/8         EV 10     Int  7      God:
Gold 121         SH  0     Dex 11      Spells:  0 memorised,  7 levels left

rFire  . . .     SeeInvis .     s - +0 giant spiked club
rCold  . . .     Clarity  .     b - +0 robe
rNeg   . . .     rCorr    .     (shield restricted)
rPois  .         rRot     .     (helmet restricted)
rElec  .         Spirit   .     (no cloak)
SustAb .         Warding  .     (gloves unavailable)
rMut   .         Stasis   .     (boots unavailable)
Gourm  .                        (no amulet)
MR     .....                    (no ring)
                                (no ring)

@: not resistant to hostile enchantments, very unstealthy
A: unfitting armour, tough skin 1
a: no special abilities


You were on level 5 of the Dungeon.
You were not hungry.

You visited 1 branch of the dungeon, and saw 5 of its levels.

You collected 121 gold pieces.

Inventory:

Hand weapons
 h - a +1 flail
 s - a +0 giant spiked club (weapon)
Missiles
 g - 10 poisoned needles
 u - 2 large rocks (quivered)
Armour
 b - a +0 robe (worn)
 c - a +0 shield
 k - a +0 robe
Magical devices
 a - a wand of frost (0)
 j - a wand of polymorph (16)
Comestibles
 d - 2 meat rations
 m - 2 bread rations
 t - a chunk of gnoll flesh
 w - a chunk of bat flesh
Scrolls
 f - 6 scrolls of identify
 i - a scroll of amnesia {unknown}
 n - 2 scrolls of remove curse {unknown}
 o - a scroll of fog {unknown}
 q - a scroll of fear {unknown}
 r - a scroll of teleportation {unknown}
 v - a scroll of noise {unknown}
Potions
 e - a potion of might
 l - a potion of resistance {unknown}
 p - a potion of brilliance {unknown}
 x - a potion of restore abilities {unknown}


   Skills:
 - Level 4.0 Fighting
 + Level 12.0 Maces & Flails
 - Level 2.6 Dodging
 - Level 2.6 Shields


You had 7 spell levels left.
You didn't know any spells.

Dungeon Overview and Level Annotations

Branches:
Dungeon (5/15)
 Temple: D:4-7

Altars:
Gozag
Vehumet

Shops:
D:4 %

Annotations:
D:5 Prince Ribbit


Innate Abilities, Weirdness & Mutations

You are too large for most types of armour.
You have tough skin (AC +1).


Message History

Prince Ribbit closely misses you.
You impale Prince Ribbit!!
Prince Ribbit is severely wounded.
Prince Ribbit hits you!! x2
Unknown command.
Prince Ribbit momentarily phases out as your attack passes through him.
Prince Ribbit is severely wounded.
Prince Ribbit hits you!
Unknown command.
Prince Ribbit momentarily phases out as your attack passes through him.
Prince Ribbit is severely wounded.
Prince Ribbit completely misses you. Prince Ribbit hits you.
* * * LOW HITPOINT WARNING * * *
Unknown command.
You completely miss Prince Ribbit.
Prince Ribbit is severely wounded.
Prince Ribbit hits you.
* * * LOW HITPOINT WARNING * * *
Prince Ribbit hits you!
You die...

... #.... #.... ..?
##....# ... #......
..# ##......## #..#
#.......<## ...#
#.........##...###
...).....@#.....#..
..........F).....#
#.[...........####
####........##
#.......##
#......## .......#
....... #####.


You could see Prince Ribbit.

Vanquished Creatures
  Grinder (D:4)
  A sky beast (D:4)
  An ogre (D:4)
  2 centaurs
  Duvessa (D:4)
  Dowan (D:4)
  A quasit (D:4)
  2 orc priests
  A worker ant (D:4)
  An orc wizard (D:4)
  7 gnolls (D:4)
  2 adders (D:4)
  A gnoll skeleton (D:4)
  2 worms
  An ooze (D:4)
  7 orcs
  6 bats
  4 giant cockroaches
  4 goblins (D:4)
  6 hobgoblins
  6 jackals
  A quokka (D:2)
  4 giant newts
  4 kobolds
  3 rats (D:3)
70 creatures vanquished.

Notes
Turn   | Place    | Note
--------------------------------------------------------------
     0 | D:1      | Amnesiac, the Ogre Fighter, began the quest for the Orb.
     0 | D:1      | Reached XP level 1. HP: 24/24 MP: 1/1
    89 | D:2      | Reached XP level 2. HP: 21/32 MP: 2/2
   510 | D:2      | Reached XP level 3. HP: 37/39 MP: 3/3
   581 | D:3      | Noticed a centaur
   581 | D:3      | an orc priest changed into a centaur
   588 | D:3      | Killed a centaur
   588 | D:3      | Reached skill level 6 in Maces & Flails
   588 | D:3      | Reached XP level 4. HP: 17/48 MP: 4/4
   595 | D:3      | HP: 2/48 [orc (3)]
   597 | D:3      | Reached skill level 7 in Maces & Flails
   597 | D:3      | Reached XP level 5. HP: 28/54 MP: 5/5
  1346 | D:4      | Reached skill level 8 in Maces & Flails
  1346 | D:4      | Reached XP level 6. HP: 34/62 MP: 6/6
  1647 | D:4      | Noticed a sky beast
  1687 | D:4      | Killed a sky beast
  1905 | D:4      | Reached skill level 9 in Maces & Flails
  2102 | D:4      | Found a radiant altar of Vehumet.
  2107 | D:4      | Found an opulent altar of Gozag.
  2198 | D:4      | Reached XP level 7. HP: 30/70 MP: 7/7
  2488 | D:4      | Noticed Duvessa
  2492 | D:4      | Noticed Dowan
  2529 | D:4      | Killed Duvessa
  2529 | D:4      | Reached skill level 10 in Maces & Flails
  2543 | D:4      | Killed Dowan
  2860 | D:4      | Found Puoll's Food Shoppe.
  3207 | D:4      | Reached skill level 11 in Maces & Flails
  3416 | D:4      | Noticed Grinder
  3419 | D:4      | Killed Grinder
  3419 | D:4      | Reached XP level 8. HP: 61/78 MP: 8/8
  3449 | D:5      | Entered Level 5 of the Dungeon
  3452 | D:5      | Noticed Prince Ribbit
  3454 | D:5      | Reached skill level 12 in Maces & Flails
  3459 | D:5      | Slain by Prince Ribbit

Action                   |  1- 3 |  4- 6 |  7- 9 || total
-------------------------+-------+-------+-------++-------
Melee: Flail             |    58 |   146 |    50 ||   254
       Giant spiked club |       |       |    29 ||    29
Throw: Large rock        |       |       |     4 ||     4
Evoke: Wand              |     1 |       |       ||     1
  Use: Potion            |     1 |     2 |     3 ||     6
       Scroll            |     1 |       |       ||     1
 Stab: Sleeping          |     1 |     1 |       ||     2
